 1292 Aisha the Firebug (level 8, 0/46 HPs)
             Began as an Octopode Fire Elementalist on Sept 28, 2019.
             Was a Follower of Vehumet.
             Killed from afar by an orc wizard (4 damage)
             ... with a puff of flame
             ... on level 9 of the Dungeon.
             The game lasted 00:13:36 (6735 turns).

Aisha the Firebug (Octopode Fire Elementalist)      Turns: 6735, Time: 00:13:36

Health: 0/46       AC:  1    Str: 12    XL:     8   Next: 56%
Magic:  14/14      EV: 13    Int: 19    God:    Vehumet [*.....]
Gold:   181        SH:  0    Dex: 13    Spells: 5/15 levels left

rFire    + . .     SeeInvis .   y - +3 rapier (venom)
rCold    + . .     Gourm    .   (no shield)
rNeg     . . .     Faith    .   (helmet restricted)
rPois    +         Spirit   .   (no amulet)
rElec    +         Reflect  .   Z - ring of wizardry
rCorr    +         Harm     .   x - ring of wizardry
MR       .....                  (no ring)
Stlth    +++.......             (no ring)
HPRegen  0.15/turn              (no ring)
MPRegen  0.14/turn              (no ring)
                                (no ring)
                                (no ring)

@: mighty, resistant
A: almost no armour, stealthy swim, amphibious, 8 rings, constrict 8, camouflage
1, gelatinous body 1
a: Renounce Religion


Innate Abilities, Weirdness & Mutations

You cannot wear most types of armour.
You are very stealthy in the water. (Stealth+)
You are amphibious.
You can wear up to eight rings at the same time.
You can use your tentacles to constrict eight enemies at once.
Your skin changes colour to match your surroundings (Stealth+).
Your rubbery body absorbs attacks. (AC +1, EV +1)


   Skills:
 - Level 2.0 Dodging
 - Level 2.6 Stealth
 - Level 4.0 Spellcasting
 * Level 6.5 Conjurations
 * Level 7.2 Fire Magic


You had 5 spell levels left.
You knew the following spells:

 Your Spells              Type           Power        Failure   Level  Hunger
c - Conjure Flame         Conj/Fire      ####....     1%          3    ###....
f - Throw Flame           Conj/Fire      ####..       1%          2    ##.....
y - Sticky Flame          Conj/Fire      ####....     2%          4    ####...
z - Flame Tongue          Conj/Fire      ####.        1%          1    None

Your spell library contained the following spells:

 Spells                   Type           Power        Failure   Level  Hunger
 Freeze                   Ice            #...         4%          1    None
 Inner Flame              Hex/Fire       ###.....     2%          3    ###....
 Fireball                 Conj/Fire      ####......   6%          5    ######.

Inventory:

Hand Weapons
 q - a +0 blowgun {@w1}
 y - a +3 rapier of venom (weapon)
Missiles
 p - 5 poisoned needles
Jewellery
 x - a ring of wizardry (right tentacle)
 Z - a ring of wizardry (left tentacle)
Wands
 k - a wand of enslavement (6)
 l - a wand of flame (16)
Scrolls
 c - 2 scrolls of fear
 e - a scroll of teleportation {unknown}
 f - 3 scrolls of amnesia {unknown}
 g - 2 scrolls of remove curse {unknown}
 j - a scroll of random uselessness {unknown}
 n - 2 scrolls of enchant armour {unknown}
 r - 2 scrolls of enchant weapon {unknown}
 t - 3 scrolls of identify {@r1}
 v - 2 scrolls of noise {unknown}
 w - a scroll of immolation {unknown}
Potions
 a - a potion of resistance
 h - 2 potions of curing {@q1}
 i - a potion of brilliance {unknown}
 m - 2 potions of berserk rage {unknown}
 s - 3 potions of cancellation {unknown}
 u - a potion of agility {unknown}
Comestibles
 b - 9 rations {@e1}
 z - 3 chunks of flesh


Message History

You hear some strange, mumbled words.
A magic dart appears from out of thin air!
The magic dart hits you!
* * * LOW HITPOINT WARNING * * *
Unknown command.
You closely miss the orc. Your grab misses the orc.
You squeeze the orc, but do no damage. The orc closely misses you.
Something hits you.
* * * LOW HITPOINT WARNING * * *
Unknown command.
You puncture the orc!
You kill the orc!
Vehumet accepts your kill. Something hits you.
* * * LOW HITPOINT WARNING * * *
Something hits you.
* * * LOW HITPOINT WARNING * * *
Something hits you.
* * * LOW HITPOINT WARNING * * *
Things that are here:
a +0 dagger; a +0 robe; a sky beast corpse Unknown command.
Something hits you.
* * * LOW HITPOINT WARNING * * *
Unknown command.
An orc wizard appears from thin air!
Reactivating autopickup.
The orc wizard points at you and mumbles some strange words.
The puff of flame hits you. You resist.
You die...

Skill      XL: |  1  2  3  4  5  6  7  8 |
---------------+-------------------------+-----
Conjurations   | 2 3 4 5 6 |  6.5
Fire Magic     | 4 5 6 7 |  7.2
Spellcasting   | 3 4 |  4.0
Dodging        | |  2.0
Stealth        | |  2.6

Action                   |  1- 3 |  4- 6 |  7- 9 || total
-------------------------+-------+-------+-------++-------
Melee: Unarmed           |    27 |       |       ||    27
       Constrict         |    29 |     8 |    26 ||    63
       Tentacles         |    10 |     5 |    17 ||    32
       Dagger            |    68 |    39 |    22 ||   129
       Rapier            |       |       |    91 ||    91
 Fire: Blowgun           |       |     7 |       ||     7
 Cast: Flame Tongue      |     8 |    34 |    16 ||    58
       Throw Flame       |       |     7 |    15 ||    22
       Sticky Flame      |       |       |     2 ||     2
  Use: Potion            |       |       |     5 ||     5
       Scroll            |       |       |     1 ||     1
 Stab: Sleeping          |    16 |     8 |     8 ||    32
  Eat: Chunk             |     4 |     5 |    10 ||    19
Armor: Skin              |    16 |     8 |     3 ||    27
Dodge: Dodged            |    76 |    38 |    76 ||   190

Notes
Turn   | Place    | Note
-------+----------+-------------------------------------------
     0 | D:1      | Aisha the Octopode Fire Elementalist began the quest for
                  | the Orb.
     0 | D:1      | Reached XP level 1. HP: 11/11 MP: 3/3
   486 | D:1      | Reached XP level 2. HP: 11/17 MP: 5/5
   495 | D:1      | Learned a level 2 spell: Throw Flame
  1083 | D:2      | Reached XP level 3. HP: 15/21 MP: 3/6
  1166 | D:2      | Learned a level 3 spell: Conjure Flame
  1249 | D:2      | Reached skill level 2 in Conjurations
  1260 | D:2      | Found an ornate altar of the Wu Jian Council.
  1661 | D:2      | Found a white marble altar of Elyvilon.
  1673 | D:2      | Found a radiant altar of Vehumet.
  1687 | D:2      | Became a worshipper of Vehumet
  2214 | D:3      | Reached XP level 4. HP: 27/27 MP: 7/7
  2714 | D:3      | Reached skill level 3 in Conjurations
  2714 | D:3      | Reached skill level 4 in Fire Magic
  2714 | D:3      | Reached XP level 5. HP: 19/31 MP: 3/9
  2928 | D:3      | Found a stormy altar of Qazlal.
  2930 | D:3      | Found a snail-covered altar of Cheibriados.
  2930 | D:3      | Found an iron altar of Okawaru.
  2933 | D:3      | Found a shimmering altar of Xom.
  2933 | D:3      | Found an ancient bone altar of Kikubaaqudgha.
  2933 | D:3      | Found a basalt altar of Yredelemnul.
  3013 | D:3      | Noticed a necrophage
  3073 | D:3      | Killed a necrophage
  3073 | D:3      | Reached skill level 3 in Spellcasting
  3348 | D:3      | Found a shimmering altar of Xom.
  3367 | D:3      | Found a snail-covered altar of Cheibriados.
  3426 | D:3      | Noticed an ogre
  3438 | D:3      | Killed an ogre
  3438 | D:3      | Reached XP level 6. HP: 36/36 MP: 0/10
  3444 | D:3      | Learned a level 4 spell: Sticky Flame
  3595 | D:3      | Reached skill level 4 in Conjurations
  3595 | D:3      | Reached skill level 5 in Fire Magic
  3798 | D:4      | Noticed Blork the orc
  3809 | D:4      | Killed Blork the orc
  3809 | D:4      | Reached XP level 7. HP: 6/41 MP: 2/12
  4089 | D:4      | Found a stormy altar of Qazlal.
  4115 | D:4      | Found a basalt altar of Yredelemnul.
  4237 | D:4      | Found a hide-covered altar of Uskayaw.
  4841 | D:4      | Noticed Eustachio
  4849 | D:4      | Killed Eustachio
  4849 | D:4      | Reached skill level 5 in Conjurations
  5287 | D:5      | Entered Level 5 of the Dungeon
  5312 | D:5      | Reached skill level 6 in Fire Magic
  5385 | D:5      | Reached skill level 4 in Spellcasting
  5390 | D:5      | Reached XP level 8. HP: 37/46 MP: 11/14
  5393 | D:5      | Reached * piety under Vehumet
  5393 | D:5      | Offered knowledge of Freeze by Vehumet.
  6373 | D:5      | Found a staircase to the Ecumenical Temple.
  6381 | D:5      | Reached skill level 6 in Conjurations
  6634 | D:6      | Found a sparkling altar of Nemelex Xobeh.
  6641 | D:6      | Reached skill level 7 in Fire Magic
  6661 | D:6      | You fall through a shaft for 3 floors!
  6664 | D:9      | Found a glowing golden altar of the Shining One.
  6713 | D:9      | Identified 2 potions of resistance
  6723 | D:9      | HP: 4/46 [something (1)]
  6732 | D:9      | HP: 4/46 [something (3)]
  6735 | D:9      | Killed from afar by an orc wizard

Vanquished Creatures
  Eustachio (D:4)
  A sky beast (D:9)
  2 ogres
  A necrophage (D:3)
  A centaur (D:5)
  Blork the orc (D:4)
  3 scorpions
  A howler monkey (D:6)
  A crimson imp (D:5)
  2 hounds (D:5)
  3 orc wizards
  4 worker ants
  A hound zombie (D:5)
  4 gnolls (D:5)
  6 adders
  A shadow imp (D:5)
  2 oozes (D:4)
  An adder skeleton (D:4)
  5 dart slugs
  8 leopard geckos
  12 orcs
  4 giant cockroaches
  4 goblins
  7 hobgoblins
  9 jackals
  A quokka (D:3)
  4 ball pythons
  7 bats
  7 frilled lizards
  8 kobolds
  7 rats
119 creatures vanquished.
